 Dungeon Crawl Stone Soup version 0.18-b1-22-ge198996 (webtiles) character file.

166091 dobroeutro the Severer (level 17, 0/163 HPs)
             Began as a Minotaur Fighter on May 2, 2016.
             Was the Champion of Okawaru.
             Slain by a great orb of eyes (7 damage)
             ... on level 4 of the Depths on May 3, 2016.
             The game lasted 01:27:05 (32607 turns).

dobroeutro the Severer (Minotaur Fighter)          Turns: 32607, Time: 01:27:05

Health: 0/163      AC: 11    Str: 25      XL:     17   Next: 29%
Magic:  5/5        EV: 21    Int: 10 (11) God:    Okawaru [******]
Gold:   2043       SH: 17    Dex: 15      Spells: 0 memorised, 16 levels left

rFire  + + .     SeeInvis .     F - +9 broad axe (antimagic)
rCold  + + .     Gourm    .     G - +5 chain mail of the Journeyman {rF+ Int+2}
rNeg   + . .     Faith    .     v - +2 shield {AC+3}
rPois  .         Spirit   .     (helmet unavailable)
rElec  +         Dismiss  +     h - +2 cloak of Starlight {rElec rC+ EV+4 Stlth--}
rCorr  .         Reflect  .     H - +0 pair of gloves of Honour {rN+}
SustAt .         Harm     .     T - +0 pair of boots
MR     +....                    k - amulet of dismissal
Stlth  ..........               U - ring "Ziyjeaxt" {+Inv rC+ Dex+2}
                                w - ring of protection from fire

@: corroded, somewhat resistant to hostile enchantments, extremely unstealthy
A: retaliatory headbutt, horns 3, molten scales 1, rugged brown scales 1, thin
skeletal structure 1, blurry vision 1, clever 2, clumsy 1, deformed body,
deterioration 1, wild magic 1
a: Heroism, Finesse, Renounce Religion, Evoke Invisibility


You were on level 4 of the Depths.
You worshipped Okawaru.
Okawaru was exalted by your worship.
You were not hungry.

You visited 5 branches of the dungeon, and saw 31 of its levels.
You visited the Abyss 1 time.
You also visited: Labyrinth, Sewer and Ice Cave.

You collected 2651 gold pieces.
You spent 608 gold pieces at shops.

Inventory:

Hand Weapons
 t - a +2 war axe of flaming
 F - a +9 antimagic broad axe (weapon)
 W - the +7 hand axe of Anguish {drain, +Rage rF+ Dex+2}
   (Okawaru gifted it to you on level 2 of the Depths)

   A truly terrible weapon, it drains the life of those it strikes.
   It affects your dexterity (+2).
   It protects you from fire.
   It lets you go berserk.
Armour
 g - the +5 ring mail "Iwit" {MR+ MP+9}
   (Okawaru gifted it to you on level 1 of the Depths)

   It affects your resistance to hostile enchantments.
   It affects your magic capacity (+9).
 h - the +2 cloak of Starlight (worn) {rElec rC+ EV+4 Stlth--}
   (Okawaru gifted it to you on level 15 of the Dungeon)

   It affects your evasion (+4).
   It protects you from cold.
   It insulates you from electricity.
   It makes you much less stealthy.
 j - a +2 chain mail of fire resistance
 p - a +2 hat
 v - a +2 shield of protection (worn)
 G - the +5 chain mail of the Journeyman (worn) {rF+ Int+2}
   (You bought it in a shop on level 2 of the Orcish Mines)

   It affects your intelligence (+2).
   It protects you from fire.
 H - the +0 pair of gloves of Honour (worn) {rN+}
   (You acquired it on level 8 of the Lair of Beasts)

   It protects you from negative energy.
 I - the +2 cloak "Jiaczini" {rC+ SInv}
   (You found it on level 9 of the Dungeon)

   It protects you from cold.
   It lets you see invisible.
 T - a +0 pair of boots (worn)
Rods
 S - a +0 rod of clouds (11/11)
   (You found it on level 11 of the Dungeon)
Jewellery
 k - an amulet of dismissal (around neck)
 w - a ring of protection from fire (left hand)
 O - an uncursed ring of poison resistance
 Q - an uncursed ring of resist corrosion
 U - the ring "Ziyjeaxt" (right hand) {+Inv rC+ Dex+2}
   (You found it on level 1 of the Depths)

   [ring of protection from cold]

   It affects your dexterity (+2).
   It protects you from cold.
   It lets you turn invisible.
 X - an uncursed ring of flight
 Z - the ring "Kostript" {Str+2 SInv}
   (You found it on level 1 of the Lair of Beasts)

   [ring of see invisible]

   It affects your strength (+2).
   It lets you see invisible.
Wands
 b - a wand of polymorph (6/24)
 u - a wand of iceblast (4/15)
 C - a wand of iceblast (13/15)
 D - a wand of polymorph (15/24)
 J - a wand of enslavement (8/24)
 V - a wand of disintegration (14/24)
 Y - a wand of lightning (0/15)
Scrolls
 a - 2 scrolls of enchant weapon
 c - 10 scrolls of identify
 e - 3 scrolls of fog
 i - 3 scrolls of amnesia
 l - 4 scrolls of teleportation
 q - 4 scrolls of blinking
 y - 11 scrolls of remove curse
 B - 7 scrolls of magic mapping
 L - 4 scrolls of recharging
 P - a scroll of brand weapon
Potions
 d - 4 potions of might
 n - 2 potions of cure mutation
 o - 5 potions of agility
 r - a potion of berserk rage
 s - 6 potions of flight
 E - a potion of ambrosia
 K - a potion of haste
 N - a potion of resistance
 R - a potion of cancellation
Comestibles
 f - 3 bread rations
 m - 19 meat rations
 A - 25 fruits
 M - 6 chunks of flesh


   Skills:
 + Level 16.5 Fighting
 + Level 18.0 Axes
 + Level 16.2 Armour
 + Level 14.7 Dodging
 + Level 16.2 Shields


You had 16 spell levels left.
You didn't know any spells.

Dungeon Overview and Level Annotations

Branches:
Dungeon (15/15)            Temple (1/1) D:7            Lair (8/8) D:11
 Shoals (0/4) Lair:3       Spider (0/4) Lair:6        Slime (0/6) Lair:8
    Orc (2/2) D:12            Elf (0/3) Orc:2        Vaults (0/5) D:13
 Depths (5/5) D:15
    Zot: Depths:5

Altars:
Ashenzari
Cheibriados
Dithmenos
Elyvilon
Fedhas
Kikubaaqudgha
Makhleb
Nemelex Xobeh
Okawaru
Pakellas
Qazlal
Ru
Trog
Xom
Zin
The Shining One
Beogh
Jiyva

Shops:
D:8 *?   D:12 *   D:13 }   D:14 ?   Orc:2 :[(*

Portals:
Hell: Depths:1 Depths:2
Abyss: Depths:2
Pandemonium: Depths:2
Ziggurat: Depths:2

Annotations:
Lair:4 exclusion: oklob plant
Lair:8 Rupert


Innate Abilities, Weirdness & Mutations

You reflexively headbutt those who attack you in melee.
You have a pair of large horns on your head.
You are partially covered in molten scales (AC +1).
You are partially covered in rugged brown scales (AC +1, +3% HP).
You have a somewhat thin skeletal structure (Dex +2, Stealth).
Scrolls take you a little longer to read.
Your mind is very acute. (Int +4)
You are clumsy. (Dex -2)
Armour fits poorly on your strangely shaped body.
Your body sometimes deteriorates upon taking damage.
Your spells are a little harder to cast, but a little more powerful.


Message History

You block the redback's attack.
You block the great orb of eyes's attack.
The redback barely misses you.
There is a stone staircase leading up here.
You block the redback's attack. The great orb of eyes bites you.
* * * LOW HITPOINT WARNING * * *
You climb upwards.
There is a stone staircase leading down here.
Drink which item? (? for menu, Esc to quit)
You feel better. You block the redback's attack.
The great orb of eyes bites you!
* * * LOW HITPOINT WARNING * * *
The redback misses you. You furiously retaliate!
You headbutt the redback!
Drink which item? (? for menu, Esc to quit)
You feel better. You block the redback's attack.
The great orb of eyes misses you. The redback bites you.
* * * LOW HITPOINT WARNING * * *
The redback misses you. The great orb of eyes bites you!
You die...

#############
#...........#
#...........#
#...G@.....#
#...us.....#
##..........#
#..#######.#
.... . #....
......
...##.. ..+
#..


You could see a great orb of eyes, a purple ugly thing and a redback.

Vanquished Creatures
  3 orc warlords
  A fire giant (Depths:2)
  2 frost giants (Depths:2)
  Maud (D:13)
  The ghost of MTVSty1e the Protected, a journeyman MiFi of Okawaru (Lair:7)
  A balrug (Depths:1)
  8 very ugly things
  3 stone giants
  Nessos (Lair:6)
  Azrael (D:14)
  2 spark wasps (Depths:2)
  4 ettins
  2 fire dragons
  2 merfolk impalers (Depths:3)
  A great orb of eyes (D:15)
  A minotaur (Lab)
  A yaktaur captain (Depths:1)
  Erolcha (Orc:1)
  A catoblepas (D:13)
  5 entropy weavers
  7 hydras
  4 ice dragons
  6 centaur warriors
  An ogre mage (Depths:1)
  4 deep troll shamans
  A death knight (D:15)
  8 death yaks
  3 tengu warriors
  3 spriggan berserkers
  A deep troll earth mage (Depths:2)
  2 orc high priests
  A deep elf knight (D:13)
  4 hell knights
  2 sun demons (Depths:1)
  An unseen horror (D:10)
  A giant orange brain (Depths:1)
  3 wizards
  4 hill giants
  A skeletal warrior (D:13)
  An unseen horror (shapeshifter) (Depths:2)
  11 deep trolls
  4 necromancers
  Pikel (D:5)
  13 ugly things
  A large abomination (Orc:1)
  3 manticores (D:11)
  9 orc knights
  5 orc sorcerers
  2 wolf spider zombies (D:15)
  2 deep elf magi
  A griffon (Lair:8)
  A stone giant zombie (Depths:1)
  4 cyclopes
  A hornet (shapeshifter) (Depths:2)
  3 centaur zombies
  5 black mambas
  A naga mage (D:15)
  2 sirens (Lair:3)
  2 ice statues (IceCv)
  4 orange demons (D:12)
  22 spiny frogs
  Maurice (D:8)
  2 gargoyles (D:15)
  7 centaur skeletons
  5 kobold demonologists
  A rime drake (Lair:3)
  6 komodo dragons
  11 yaktaurs
  An efreet (D:14)
  3 freezing wraiths (D:14)
  A red devil (D:12)
  2 spriggan druids (Lair:8)
  2 tengu conjurers
  An entropy weaver zombie (Depths:1)
  4 trolls
  A spriggan skeleton (Depths:1)
  Grinder (D:3)
  5 two-headed ogres
  6 polar bears (Lair:8)
  2 merfolk (Lair:3)
  4 blink frogs (Lair:6)
  13 slime creatures
  Prince Ribbit (D:8)
  A centaur simulacrum (D:15)
  10 water elementals
  14 spriggans
  A shadow (D:15)
  12 redbacks
  45 yaks
  A vampire (D:14)
  A wraith (D:15)
  4 wyverns
  4 fire elementals (D:14)
  3 basilisks
  11 hippogriffs
  A mottled dragon (D:14)
  A warg (Orc:2)
  13 water moccasins
  3 hell hounds (D:14)
  10 porcupines
  2 sky beasts (D:13)
  27 orc warriors
  7 wasps
  6 black bears
  14 ice beasts
  5 necrophages
  21 wolves
  13 centaurs
  18 ogres
  4 phantoms
  14 crocodiles
  7 big kobolds
  Blork the orc (D:6)
  28 giant frogs
  5 scorpions
  A wyvern skeleton (D:13)
  10 killer bees
  8 wights
  3 electric eels
  7 howler monkeys
  6 crimson imps
  2 quasits
  8 hounds
  8 jellies
  21 orc priests
  Crazy Yiuf (D:4)
  A gnoll shaman (D:10)
  25 orc wizards
  Jessica (D:2)
  Terence (D:2)
  9 iguanas
  8 worker ants
  25 sheep
  A worker ant zombie (D:9)
  A howler monkey zombie (D:8)
  9 gnolls
  82 river rats
  11 adders
  6 shadow imps
  An ooze (D:3)
  2 dart slugs (D:2)
  6 giant geckos
  84 orcs
  7 giant cockroaches
  6 goblins
  6 hobgoblins
  17 jackals
  19 kobolds
  2 quokkas
  6 bats
  2 giant newts
  10 rats
  6 fungi
  12 plants
1025 creatures vanquished.

Vanquished Creatures (collateral kills)
  A death yak (Lair:6)
  A spiny frog (Lair:5)
2 creatures vanquished.

Vanquished Creatures (others)
  A hydra (Lair:6)
  A crimson imp (D:5)
  34 fungi
  34 plants
70 creatures vanquished.

Grand Total: 1097 creatures vanquished

Notes
Turn   | Place    | Note
--------------------------------------------------------------
     0 | D:1      | dobroeutro the Minotaur Fighter began the quest for the Orb.
     0 | D:1      | Reached XP level 1. HP: 19/19 MP: 0/0
    36 | D:1      | Reached skill level 3 in Axes
   125 | D:1      | Reached XP level 2. HP: 16/26 MP: 1/1
  1013 | D:2      | Reached skill level 4 in Axes
  1096 | D:2      | Found an oddly glowing altar of Pakellas.
  1096 | D:2      | Noticed Jessica
  1107 | D:2      | Reached XP level 3. HP: 18/31 MP: 2/2
  1109 | D:2      | Noticed Terence
  1132 | D:2      | Killed Jessica
  1132 | D:2      | Reached skill level 5 in Axes
  1149 | D:2      | Killed Terence
  1149 | D:2      | Reached XP level 4. HP: 7/39 MP: 3/3
  1560 | D:2      | Reached skill level 6 in Axes
  1702 | D:3      | Reached XP level 5. HP: 45/45 MP: 4/4
  1708 | D:3      | Reached skill level 7 in Axes
  1763 | D:3      | Found a white marble altar of Elyvilon.
  1782 | D:3      | Found a sparkling altar of Nemelex Xobeh.
  1967 | D:3      | Noticed Grinder
  1971 | D:3      | Paralysed by Grinder for 2 turns
  1979 | D:3      | Paralysed by Grinder for 5 turns
  1988 | D:3      | Killed Grinder
  1988 | D:3      | Reached skill level 8 in Axes
  1988 | D:3      | Reached XP level 6. HP: 8/51 MP: 5/5
  2523 | D:4      | Reached skill level 9 in Axes
  2652 | D:4      | Reached XP level 7. HP: 39/57 MP: 6/6
  2904 | D:4      | Noticed Crazy Yiuf
  2911 | D:4      | Killed Crazy Yiuf
  2981 | D:4      | Found a blossoming altar of Fedhas.
  2999 | D:4      | Found a glowing silver altar of Zin.
  2999 | D:4      | Found a glowing golden altar of the Shining One.
  3095 | D:5      | Entered Level 5 of the Dungeon
  3390 | D:5      | Reached skill level 10 in Axes
  3434 | D:5      | Found a shadowy altar of Dithmenos.
  3468 | D:5      | Reached skill level 1 in Dodging
  3614 | D:5      | Noticed Pikel
  3640 | D:5      | Killed Pikel
  3640 | D:5      | Reached skill level 5 in Armour
  3640 | D:5      | Reached skill level 5 in Shields
  3640 | D:5      | Reached XP level 8. HP: 40/67 MP: 7/7
  3897 | D:6      | Reached skill level 5 in Fighting
  4029 | D:6      | Found a glowing drain.
  4041 | Sewer    | Entered a sewer
  4242 | Sewer    | Found a white marble altar of Elyvilon.
  4449 | D:6      | Reached skill level 11 in Axes
  4449 | D:6      | Reached XP level 9. HP: 69/74 MP: 8/8
  4505 | D:6      | Noticed Blork the orc
  4512 | D:6      | Killed Blork the orc
  4715 | D:7      | HP: 1/75 [orc warrior/trident (8)]
  5196 | D:7      | Got an ichor-stained spear
  5197 | D:7      | Identified the +5 spear of Suhatot {pierce, Int+5} (You found it on level 7 of the Dungeon)
  5380 | D:7      | Found a staircase to the Ecumenical Temple.
  5409 | D:7      | Reached skill level 5 in Dodging
  5411 | D:7      | Identified the Compendium of Virous Stones
  5499 | Temple   | Entered the Ecumenical Temple
  5602 | Temple   | Became a worshipper of Warmaster Okawaru
  5750 | D:7      | Gained mutation: You occasionally shout uncontrollably at your foes. [potion of mutation]
  5750 | D:7      | Gained mutation: You have a somewhat thin skeletal structure (Dex +2, Stealth). [potion of mutation]
  5750 | D:7      | Gained mutation: Your muscles are strong. (Str +2) [potion of mutation]
  5751 | D:7      | Gained mutation: You have large cloven feet. [potion of mutation]
  5751 | D:7      | Gained mutation: Scrolls take you a little longer to read. [potion of mutation]
  5811 | D:8      | Found Qaseiwka's Assorted Antiques.
  5829 | D:8      | Bought a blackened soapstone amulet for 150 gold pieces
  5829 | D:8      | Bought a scroll labeled WEW JEUMEK for 30 gold pieces
  5990 | D:8      | Found Ameimimm's Magic Scroll Shoppe.
  6028 | D:8      | Noticed Prince Ribbit
  6035 | D:8      | Killed Prince Ribbit
  6070 | D:8      | Reached * piety under Okawaru
  6092 | D:8      | Noticed Maurice
  6105 | D:8      | Killed Maurice
  6269 | D:8      | Got an iridescent quarterstaff
  6275 | D:8      | Identified the +2 quarterstaff "Rusmee" {flame, Str+4} (You found it on level 8 of the Dungeon)
  6303 | D:8      | Found a bloodstained altar of Trog.
  6341 | D:8      | Reached XP level 10. HP: 86/86 MP: 9/9
  6629 | D:9      | You fall through a shaft!
  6629 | D:10     | Entered Level 10 of the Dungeon
  6811 | D:9      | Reached ** piety under Okawaru
  6822 | D:9      | Reached skill level 12 in Axes
  6838 | D:9      | Got a faintly glowing cloak
  6849 | D:9      | Identified the +2 cloak "Jiaczini" {rC+ SInv} (You found it on level 9 of the Dungeon)
  7155 | D:10     | Noticed an unseen horror
  7167 | D:10     | Killed an unseen horror
  7382 | D:10     | Reached *** piety under Okawaru
  8508 | D:11     | Reached XP level 11. HP: 95/95 MP: 10/10
  8673 | D:11     | Reached **** piety under Okawaru
  8756 | D:11     | Found a staircase to the Lair.
  9287 | D:11     | Identified a +0 rod of clouds (11/11) (You found it on level 11 of the Dungeon)
  9302 | D:11     | Noticed a hill giant
  9312 | D:11     | Killed a hill giant
  9462 | D:11     | Upgraded the game from 0.18-b1-18-g7758cf2 to 0.18-b1-22-ge198996
  9510 | D:12     | Reached ***** piety under Okawaru
  9682 | D:12     | Reached skill level 13 in Axes
  9698 | D:12     | Reached skill level 10 in Shields
  9720 | D:12     | Reached skill level 10 in Fighting
  9720 | D:12     | Reached skill level 10 in Armour
 10038 | D:12     | Noticed a tengu warrior
 10086 | D:12     | Received a gift from Okawaru
 10167 | D:12     | Found Qivagh's Assorted Antiques.
 10407 | D:12     | Found a staircase to the Orcish Mines.
 10482 | D:13     | Noticed a centaur warrior
 10487 | D:13     | Noticed Maud
 10490 | D:13     | Reached XP level 12. HP: 95/106 MP: 11/11
 10492 | D:13     | Killed a centaur warrior
 10814 | D:13     | Noticed a four-headed hydra
 10840 | D:12     | Killed a four-headed hydra
 10969 | D:13     | Gained mutation: Your spells are a little harder to cast, but a little more powerful. [mutagenic meat]
 10970 | D:13     | Lost mutation: You occasionally shout uncontrollably at your foes. [mutagenic meat]
 10971 | D:13     | Gained mutation: You are partially covered in molten scales (AC +1). [mutagenic meat]
 10972 | D:13     | Gained mutation: You occasionally shout uncontrollably at your foes. [mutagenic meat]
 10973 | D:13     | Lost mutation: Your spells are a little harder to cast, but a little more powerful. [mutagenic meat]
 10974 | D:13     | Gained mutation: You have a pair of large horns on your head. [mutagenic meat]
 11011 | D:13     | Noticed a catoblepas
 11131 | D:13     | Killed a catoblepas
 11144 | D:13     | Found Finirpho's Gadget Shoppe.
 11529 | D:13     | Found a gate to the Vaults.
 11558 | D:13     | Received a gift from Okawaru
 11565 | D:13     | Got a warped chain mail {god gift}
 11576 | D:13     | Identified the +6 chain mail "Heoloe" {MP+9} (Okawaru gifted it to you on level 13 of the Dungeon)
 11833 | D:13     | Reached skill level 14 in Axes
 11937 | D:13     | Killed Maud
 11937 | D:13     | Reached skill level 10 in Dodging
 12209 | D:13     | Noticed an eight-headed hydra
 12338 | D:14     | Noticed a tengu warrior
 12338 | D:14     | Noticed a tengu warrior
 12533 | D:13     | Killed a tengu warrior
 12558 | D:13     | Killed a tengu warrior
 12558 | D:13     | Reached XP level 13. HP: 73/116 MP: 12/12
 12567 | D:13     | Lost mutation: You occasionally shout uncontrollably at your foes. [mutagenic meat]
 12568 | D:13     | Gained mutation: Your body sometimes deteriorates upon taking damage. [mutagenic meat]
 12569 | D:13     | Gained mutation: Armour fits poorly on your strangely shaped body. [mutagenic meat]
 12734 | D:14     | Lost mutation: Scrolls take you a little longer to read. [mutagenic meat]
 12756 | D:14     | Found a frozen archway.
 12818 | IceCv    | Entered an ice cave
 12944 | IceCv    | Gained mutation: Your spells are a little harder to cast, but a little more powerful. [potion of beneficial mutation]
 13222 | D:14     | Received a gift from Okawaru
 13261 | D:14     | Gained mutation: Scrolls take you a little longer to read. [mutagenic meat]
 13267 | D:14     | Gained mutation: You are clumsy. (Dex -2) [mutagenic meat]
 13575 | D:14     | Noticed Azrael
 13588 | D:14     | Killed Azrael
 14173 | D:14     | Found Noxezed's Magic Scroll Emporium.
 14630 | D:15     | Entered Level 15 of the Dungeon
 14726 | D:15     | Reached skill level 15 in Axes
 14729 | D:15     | Noticed a fire dragon
 14777 | D:15     | Killed a fire dragon
 15331 | D:15     | Reached ****** piety under Okawaru
 15340 | D:15     | Received a gift from Okawaru
 15361 | D:15     | Reached XP level 14. HP: 102/127 MP: 13/13
 15369 | D:15     | Got a jewelled scimitar {god gift}
 15370 | D:15     | Identified the +8 scimitar "Killer Bee's Bane" {freeze, rN+ Int+4 Dex+4} (Okawaru gifted it to you on level 15 of the Dungeon)
 15378 | D:15     | Found a staircase to the Depths.
 15685 | Orc:1    | Entered Level 1 of the Orcish Mines
 15703 | Orc:1    | Noticed Erolcha
 15711 | Orc:1    | Cast into level 2 of the Abyss (Erolcha)
 15712 | Abyss:2  | Found a corrupted altar of Lugonu.
 15740 | Orc:1    | Escaped the Abyss
 15745 | Orc:1    | Killed Erolcha
 16067 | Orc:1    | Found a roughly hewn altar of Beogh.
 16412 | Orc:2    | Entered Level 2 of the Orcish Mines
 16478 | Orc:2    | Received a gift from Okawaru
 16673 | Orc:2    | Found a roughly hewn altar of Beogh.
 16677 | Orc:2    | Noticed an orc warlord
 17542 | Lair:1   | Entered Level 1 of the Lair of Beasts
 17621 | Lair:1   | Found a labyrinth entrance.
 17633 | Lab      | Entered a labyrinth
 18167 | Lair:1   | Got a steaming wooden ring
 18169 | Lair:1   | Identified the ring "Kostript" {Str+2 SInv} (You found it on level 1 of the Lair of Beasts)
 19071 | Lair:2   | Found a stormy altar of Qazlal.
 20018 | Lair:3   | Received a gift from Okawaru
 20019 | Lair:3   | Found a staircase to the Shoals.
 20314 | Lair:3   | You fall through a shaft for 3 floors!
 20807 | Lair:3   | Got a dazzling quarterstaff
 20822 | Lair:3   | Identified the +11 quarterstaff "Caxeixeu" {venom, +Blink Str-2 Dex+3 SInv} (You found it on level 3 of the Lair of Beasts)
 21860 | Lair:4   | Found a shattered altar of Ashenzari.
 22767 | Lair:6   | Noticed Nessos
 22796 | Lair:6   | Killed Nessos
 22796 | Lair:6   | Received a gift from Okawaru
 22814 | Lair:6   | Reached skill level 16 in Axes
 23004 | Lair:6   | Found a hole to the Spider Nest.
 23547 | Lair:6   | Reached XP level 15. HP: 112/138 MP: 14/14
 24193 | Lair:7   | Noticed MTVSty1e's ghost (journeyman MiFi)
 24218 | Lair:7   | Killed MTVSty1e's ghost
 24873 | Lair:8   | Entered Level 8 of the Lair of Beasts
 25053 | Lair:8   | Received a gift from Okawaru
 25976 | Lair:8   | Found a viscous altar of Jiyva.
 25978 | Lair:8   | Found a staircase to the Slime Pits.
 26189 | Lair:8   | Noticed Rupert
 26199 | Lair:8   | Paralysed by Rupert for 3 turns
 26583 | Lair:8   | Got a pair of twisted gloves
 26589 | Lair:8   | Identified the +0 pair of gloves of Honour {rN+} (You acquired it on level 8 of the Lair of Beasts)
 26812 | Orc:1    | Killed an orc warlord
 26899 | Orc:2    | Found Ockaxywk's Book Emporium.
 26921 | Orc:2    | Found Niron's General Store.
 26986 | Orc:2    | Found Othal's Antique Weapon Emporium.
 27082 | Orc:2    | Noticed an orc warlord
 27101 | Orc:2    | Killed an orc warlord
 27103 | Orc:2    | Found a staircase to the Elven Halls.
 27239 | Orc:2    | Found Istro's Antique Armour Emporium.
 27245 | Orc:2    | Bought an ancient chain mail for 323 gold pieces
 27255 | Orc:2    | Identified the +5 chain mail of the Journeyman {rF+ Int+2} (You bought it in a shop on level 2 of the Orcish Mines)
 27864 | D:8      | Bought a scroll of enchant weapon for 105 gold pieces
 28036 | Depths:1 | Entered Level 1 of the Depths
 28045 | D:15     | Received a gift from Okawaru
 28173 | D:15     | Reached skill level 15 in Fighting
 28413 | Depths:1 | Reached XP level 16. HP: 104/149 MP: 5/15
 28429 | Depths:1 | Lost mutation: You have large cloven feet. [mutagenic meat]
 28431 | Depths:1 | Gained mutation: You are partially covered in rugged brown scales (AC +1, +3% HP). [mutagenic meat]
 28654 | Depths:1 | Found a shattered altar of Ashenzari.
 28660 | Depths:1 | Reached skill level 17 in Axes
 28660 | Depths:1 | Reached skill level 15 in Armour
 28729 | Depths:1 | Reached skill level 15 in Shields
 28927 | Depths:1 | Lost mutation: Your body sometimes deteriorates upon taking damage. [mutagenic meat]
 28929 | Depths:1 | Lost mutation: Your muscles are strong. (Str +2) [mutagenic meat]
 29048 | Depths:1 | Paralysed by an orc sorcerer for 5 turns
 29875 | Depths:1 | Got a sparkling golden ring
 29877 | Depths:1 | Identified the ring "Ziyjeaxt" {+Inv rC+ Dex+2} (You found it on level 1 of the Depths)
 29940 | Depths:1 | Found a gateway to Hell.
 30010 | Depths:1 | Received a gift from Okawaru
 30013 | Depths:1 | Got a pitted ring mail {god gift}
 30024 | Depths:1 | Identified the +5 ring mail "Iwit" {MR+ MP+9} (Okawaru gifted it to you on level 1 of the Depths)
 30086 | Depths:2 | Gained mutation: Your body sometimes deteriorates upon taking damage. [mutagenic meat]
 30087 | Depths:2 | Gained mutation: Your mind is acute. (Int +2) [mutagenic meat]
 30125 | Depths:2 | Gained mutation: Your mind is very acute. (Int +4) [mutagenic meat]
 30883 | Depths:2 | Reached XP level 17. HP: 120/162 MP: 5/16
 31330 | Depths:2 | Received a gift from Okawaru
 31333 | Depths:2 | Got a twisted hand axe {god gift}
 31334 | Depths:2 | Identified the +7 hand axe of Anguish {drain, +Rage rF+ Dex+2} (Okawaru gifted it to you on level 2 of the Depths)
 31377 | Depths:2 | Found a one-way gate leading to the halls of Pandemonium.
 31431 | Depths:2 | Found a gateway to a ziggurat.
 31592 | Depths:2 | Found a one-way gate to the infinite horrors of the Abyss.
 32553 | Depths:3 | You fall through a shaft for 2 floors!
 32553 | Depths:5 | Entered Level 5 of the Depths
 32562 | Depths:5 | Reached skill level 18 in Axes
 32583 | Depths:5 | HP: 6/163 [spriggan air mage/the air (20)]
 32594 | Depths:5 | HP: 8/163 [spriggan air mage/the air (9)]
 32598 | Depths:5 | HP: 3/163 [redback (7)]
 32603 | Depths:5 | HP: 5/163 [great orb of eyes (6)]
 32605 | Depths:4 | HP: 2/163 [great orb of eyes (10)]
 32607 | Depths:4 | Slain by a great orb of eyes

Skill      XL: |  1  2  3  4  5  6  7  8  9 10 11 12 13 14 15 16 17 |
---------------+----------------------------------------------------+-----
Axes           | 3 4 5 6 8 9 10 11 12 13 14 15 16 17 18 | 18.0
Fighting       | 4 5 7 8 10 11 12 14 15 16 | 16.5
Armour         | 5 7 8 10 11 12 13 14 15 16 | 16.2
Dodging        | 2 3 5 7 8 10 11 12 13 14 | 14.7
Shields        | 5 7 8 10 11 12 13 14 15 16 | 16.2

Action                   |  1- 3 |  4- 6 |  7- 9 | 10-12 | 13-15 | 16-18 || total
-------------------------+-------+-------+-------+-------+-------+-------++-------
Melee: War axe           |    85 |   118 |   272 |   635 |  1610 |       ||  2720
       Headbutt          |     8 |    16 |    57 |   168 |   435 |   164 ||   848
       Spear             |       |       |   127 |       |       |       ||   127
       Kick              |       |       |    24 |   156 |       |       ||   180
       Broad axe         |       |       |       |       |    98 |   524 ||   622
Invok: Heroism           |       |       |       |     8 |    25 |     2 ||    35
       Finesse           |       |       |       |       |     3 |       ||     3
Evoke: Wand              |       |       |       |    14 |    51 |     1 ||    66
  Use: Potion            |       |     4 |     3 |     1 |     5 |    10 ||    23
       Scroll            |       |       |    19 |     5 |    18 |     4 ||    46
 Stab: Confused          |       |       |       |       |     2 |       ||     2
  Eat: Chunk             |       |     6 |    13 |    18 |    34 |    19 ||    90
       Bread ration      |       |       |       |     3 |     3 |     2 ||     8
       Royal jelly       |       |       |       |       |     3 |       ||     3
       Pizza             |       |       |       |       |     2 |       ||     2
       Beef jerky        |       |       |       |       |     5 |       ||     5
Armor: Scale mail        |    45 |    53 |   109 |   169 |       |       ||   376
       Skin              |       |     2 |       |       |       |       ||     2
       Chain mail        |       |       |       |    30 |   655 |   129 ||   814
Dodge: Dodged            |    29 |    24 |    80 |   241 |   708 |   268 ||  1350
Block: Shield            |    48 |    54 |   165 |   349 |  1108 |   364 ||  2088
